 Dungeon Crawl Stone Soup version 0.19-a0-82-gd3566c2 (webtiles) character file.

544 wvc the Chiller (level 7, -1/49 HPs)
             Began as a Mummy Wanderer on May 15, 2016.
             Slain by a wyvern skeleton (13 damage)
             ... on level 6 of the Dungeon.
             The game lasted 00:11:09 (4718 turns).

wvc the Chiller (Mummy Wanderer)                    Turns: 4718, Time: 00:11:10

Health: -1/49      AC:  4    Str: 16    XL:     7   Next: 6%
Magic:  5/13       EV: 11    Int: 16    God:
Gold:   217        SH:  0    Dex:  8    Spells: 4 memorised, 4 levels left

rFire  x . .     SeeInvis .     n - +2 short sword (venom)
rCold  + . .     Gourm    .     h - +1 leather armour
rNeg   + + +     Faith    .     (no shield)
rPois  ∞         Spirit   .     (no helmet)
rElec  .         Dismiss  .     (no cloak)
rCorr  .         Reflect  .     (no gloves)
SustAt .         Harm     .     (no boots)
MR     .....                    (no amulet)
Stlth  ++........               c - ring of stealth
                                d - ring of wizardry

@: very slightly contaminated, not resistant to hostile enchantments, unstealthy
A: no food or potions, fire vulnerability, cold resistance 1, negative energy
resistance 3, torment resistance, unbreathing
a: no special abilities


You were on level 6 of the Dungeon.
You were not hungry.

You visited 1 branch of the dungeon, and saw 6 of its levels.

You collected 217 gold pieces.

Inventory:

Hand Weapons
 f - a +0 mace
 k - a +2 war axe of freezing
 l - a +1 dagger of draining
 n - a +2 short sword of venom (weapon)
 p - a +0 blowgun
Missiles
 j - 2 throwing nets
 m - 20 poisoned needles
 o - 8 poisoned javelins (quivered)
Armour
 e - a +0 ring mail
 h - a +1 leather armour (worn)
Jewellery
 c - a ring of stealth (right hand)
 d - a ring of wizardry (left hand)
 i - an uncursed ring of flight
Wands
 r - a wand of random effects (30/48)
Scrolls
 b - a scroll of teleportation
 g - 2 scrolls of enchant weapon
 q - 2 scrolls of identify
Books
 a - a book of Frost

   Spells                             Type                      Level
   a - Freeze                         Ice                          1
   b - Throw Frost                    Conjuration/Ice              2
   c - Ozocubu's Armour               Charms/Ice                   3
   d - Throw Icicle                   Conjuration/Ice              4
   e - Summon Ice Beast               Ice/Summoning                4


   Skills:
 + Level 1.7 Fighting
 - Level 0.2 Maces & Flails
 - Level 1.0 Throwing
 + Level 1.4 Armour
 - Level 1.0 Dodging
 * Level 4.2 Spellcasting
 * Level 1.7 Summonings
   Level 1.0 Fire Magic
 * Level 4.9 Ice Magic
   Level 1.0 Earth Magic
 - Level 1.0 Evocations


You had 4 spell levels left.
You knew the following spells:

 Your Spells              Type           Power        Failure   Level  Hunger
a - Freeze                Ice            ###.         1%          1    N/A
b - Ozocubu's Armour      Chrm/Ice       ##......     9%          3    N/A
c - Summon Ice Beast      Ice/Summ       ##......     32%         4    N/A
d - Throw Frost           Conj/Ice       ##....       4%          2    N/A

Dungeon Overview and Level Annotations

Branches:
Dungeon (6/15)
 Temple: D:4-7

Altars:
Fedhas
Pakellas
Yredelemnul

Annotations:
D:5 exclusion: slave


Innate Abilities, Weirdness & Mutations

You do not eat or drink.
Your flesh is vulnerable to fire.
You are immune to poison.
Your flesh is cold resistant.
You are immune to negative energy.
You are immune to unholy pain and torment.
You can survive without breathing.


Message History

Casting: Summon Ice Beast
Confirm with . or Enter, or press ? or * to list all spells.
A chill wind blows around you. The wyvern skeleton bites you! x2
* * * LOW HITPOINT WARNING * * *
Unknown command.
Casting: Summon Ice Beast
Confirm with . or Enter, or press ? or * to list all spells.
Okay, then.
Your ice beast hits the wyvern skeleton.
Your ice beast freezes the wyvern skeleton.
The wyvern skeleton resists.
Your ice beast hits the wyvern skeleton.
Your ice beast freezes the wyvern skeleton.
The wyvern skeleton resists.
The wyvern skeleton bites you but does no damage.
Your ice beast hits the wyvern skeleton.
Your ice beast freezes the wyvern skeleton.
The wyvern skeleton resists.
You hit the wyvern skeleton. The wyvern skeleton bites you!
You die...

#.#.# # #######
##.#.##.# ....... #
#.......# ##....
...#.##..#.#..#
#..%.. ...........#..
# #..##.
...####..##.#
#.##..##.
........Y..# ##
#........
#.#######Z## #.#
####..### ##@###.#
#.## # ##.#.# #.# #
##.# #.#### ##.#
#...). ##..# #.##)#
####...#########.#)..
+....................
####...####.#......<.
#.....##.#.#####.#


You could see a wyvern skeleton and a friendly ice beast.

Vanquished Creatures
  A howler monkey (D:5)
  A crimson imp (D:6)
  A hound (D:3)
  2 orc wizards (D:3)
  An orc priest (D:4)
  5 worker ants
  3 adders
  An ooze (D:2)
  An adder zombie (D:5)
  A worm (D:5)
  A dart slug (D:1)
  6 giant geckos
  8 orcs
  5 bats
  2 giant cockroaches (D:3)
  7 goblins
  6 hobgoblins
  7 jackals
  7 kobolds
  2 quokkas
  3 ball pythons
  6 giant newts
  A jackal zombie (D:6)
  15 rats
93 creatures vanquished.

Vanquished Creatures (collateral kills)
  A hippogriff (D:4)
  An orc priest (D:6)
  2 orcs
4 creatures vanquished.

Grand Total: 97 creatures vanquished

Notes
Turn   | Place    | Note
--------------------------------------------------------------
     0 | D:1      | wvc the Mummy Wanderer began the quest for the Orb.
     0 | D:1      | wvc set off with: a book of Frost, a scroll of teleportation, a +0 robe, a +0 club
     0 | D:1      | Reached XP level 1. HP: 13/13 MP: 3/3
    33 | D:1      | Learned a level 1 spell: Freeze
   133 | D:1      | Reached XP level 2. HP: 7/19 MP: 0/5
  1025 | D:1      | Reached XP level 3. HP: 25/25 MP: 0/6
  1229 | D:2      | Learned a level 3 spell: Ozocubu's Armour
  1242 | D:2      | Found a blossoming altar of Fedhas.
  1447 | D:2      | Found a basalt altar of Yredelemnul.
  1523 | D:2      | Found an oddly glowing altar of Pakellas.
  1596 | D:2      | Reached XP level 4. HP: 31/31 MP: 8/8
  1776 | D:3      | Reached skill level 1 in Dodging
  1963 | D:3      | Learned a level 4 spell: Summon Ice Beast
  2019 | D:3      | Reached XP level 5. HP: 28/36 MP: 0/9
  2727 | D:4      | Reached skill level 1 in Armour
  2926 | D:4      | Noticed a hippogriff
  2935 | D:4      | Killed a hippogriff
  2935 | D:4      | Reached skill level 1 in Fighting
  2935 | D:4      | Reached skill level 1 in Summonings
  2935 | D:4      | Reached XP level 6. HP: 12/43 MP: 3/11
  3884 | D:5      | Entered Level 5 of the Dungeon
  3973 | D:5      | Learned a level 2 spell: Throw Frost
  4430 | D:5      | Noticed a slave
  4600 | D:6      | Reached XP level 7. HP: 45/49 MP: 13/13
  4718 | D:6      | Slain by a wyvern skeleton

Vault maps used:
D:1:      roderic_crop_circles_arrival_small
D:2:      lemuel_coloured_pillars_altar, grunt_pakellas_salt,
          fedhas_altar_fruit_tree, minmay_statues_item, hex_tiny
D:4:      first_bread
D:5:      lemuel_crystal_altar, kennysheep_generic_room_14, uniq_pikel
D:6:      temple_hall, portal_sewer_entry_a, st_stairs_1, minivault_10,
          nrook_mini_backslash, roderic_bali_sauvastika, uniq_sigmund

Skill      XL: |  1  2  3  4  5  6 |
---------------+-------------------+-----
Dodging        | 1 |  1.0
Ice Magic      | 4 |  4.9
Spellcasting   | 3 4 |  4.2
Armour         | 1 |  1.4
Fighting       | 1 |  1.7
Summonings     | 1 |  1.7
Maces & Flails | |  0.2
Throwing       | |  1.0
Fire Magic     | |  1.0
Earth Magic    | |  1.0
Evocations     | |  1.0

Action                   |  1- 3 |  4- 6 |  7- 9 || total
-------------------------+-------+-------+-------++-------
Melee: Club              |    12 |       |       ||    12
       Mace              |    42 |    10 |       ||    52
       Dagger            |       |    69 |       ||    69
       Short sword       |       |    67 |     7 ||    74
 Cast: Freeze            |    46 |    32 |       ||    78
       Ozocubu's Armour  |       |     5 |       ||     5
       Summon Ice Beast  |       |     3 |     1 ||     4
  Use: Scroll            |       |     8 |       ||     8
 Stab: Sleeping          |     3 |     2 |       ||     5
Armor: Robe              |     3 |       |       ||     3
       Leather armour    |    15 |    43 |     1 ||    59
Dodge: Dodged            |    55 |   102 |     5 ||   162
